Blue Jackets vs Blackhawks
(R1)
Created - January 5, 2021 at 19:00
Goals
|
Blue Jackets |
1 |
1 |
0 |
2 |
Blackhawks |
0 |
2 |
3 |
5 |
|
Shots
|
Blue Jackets |
10 |
8 |
10 |
28 |
Blackhawks |
3 |
12 |
18 |
33 |
|
1st period
1. Blue Jackets , Martin Havlat 5 (Mike Lundin 6, Rick DiPietro) at 12:06
Penalties :
Patrick Marleau (Chi) for Diving (Minor) at 1:07, Patrick Marleau (Chi) for Interference (Minor) at 8:42, Devin Setoguchi (Clb) for Hooking (Minor) at 12:47
2nd period
2. Blackhawks , John Carlson 5 (Antoine Roussel 16) at 9:07 (PP)
3. Blackhawks , Nathan Horton 5 (Chris Kreider 10, Cody Hodgson 8) at 16:08 (PP)
4. Blue Jackets , Branislav Mezei 1 (Peter Mueller 12, Martin Havlat 11) at 19:31 (PP)
Penalties :
Eric Wellwood (Clb) for Hooking (Minor) at 4:31, Mike Lundin (Clb) for Hooking (Minor) at 8:36, Tyler Kennedy (Clb) for Holding (Minor) at 15:39, Chris Kreider (Chi) for Slashing (Double Minor) at 17:00
3rd period
5. Blackhawks , Derick Brassard 15 (Rick Nash 14) at 12:47
6. Blackhawks , Derick Brassard 16 (Antoine Roussel 17, John Carlson 15) at 13:38 (PP)
7. Blackhawks , Derick Brassard 17 (Rick Nash 15, Matthew Spiller 3) at 15:29
Penalties :
Martin Havlat (Clb) for Slashing (Minor) at 0:22, John Carlson (Chi) for Hooking (Minor) at 4:02, Max Pacioretty (Clb) for Hooking (Minor) at 13:29, Brent Seabrook (Chi) for Goalie Interference (Minor) at 18:52
Goalie Stats
Rick DiPietro (Clb), 28 saves from 33 shots - (0.848), L, 9-14-2, 60:00 minutes
Jimmy Howard (Chi), 26 saves from 28 shots - (0.929), W, 10-13-1, 60:00 minutes
Players Stats for Blue Jackets
Player Name G A P +/- PIM S H SB GA TA FO MP PP MP PK MP
------------------------------------------------------------------------------------
Andreas Nodl 0 0 0 1 0 3 1 0 0 0 1/1 7:38 0:07 0:00
Artemi Panarin 0 0 0 -2 0 3 0 1 0 0 1/2 24:50 5:08 4:33
Brandon Bollig 0 0 0 1 0 2 1 1 0 0 0/0 7:22 0:00 0:03
Branislav Mezei 1 0 1 0 0 2 0 0 0 0 0/0 11:19 0:07 0:00
Cam Fowler 0 0 0 -1 0 1 1 1 2 3 0/0 26:58 5:02 4:31
Cody Eakin 0 0 0 1 0 1 0 0 1 0 2/2 8:16 0:00 0:31
Dalton Prout 0 0 0 0 0 2 2 1 0 1 0/0 22:14 4:26 3:06
Dennis Wideman 0 0 0 0 0 0 1 1 0 0 0/0 11:19 0:07 0:00
Devin Setoguchi 0 0 0 0 2 1 3 1 0 0 0/1 16:17 5:08 0:00
Eric Wellwood 0 0 0 0 2 0 1 0 0 0 0/0 10:39 0:00 0:48
Martin Havlat 1 1 2 -2 2 1 2 0 0 0 0/1 19:18 4:20 0:00
Max Pacioretty 0 0 0 0 2 3 2 0 3 0 0/3 17:35 4:20 2:15
Mike Lundin 0 1 1 -1 2 2 1 3 0 0 0/0 26:26 5:02 4:00
Pavel Datsyuk 0 0 0 0 0 3 0 0 0 0 2/7 11:36 0:07 0:00
Peter Mueller 0 1 1 0 0 0 1 1 0 0 3/5 14:59 4:20 1:30
Rob Scuderi 0 0 0 0 0 0 0 0 0 1 0/0 21:43 4:26 2:35
Tyler Kennedy 0 0 0 0 2 0 1 0 0 0 0/0 9:47 0:07 0:00
Tyler Seguin 0 0 0 -2 0 4 0 1 0 0 23/44 24:32 5:08 4:32
Players Stats for Blackhawks
Player Name G A P +/- PIM S H SB GA TA FO MP PP MP PK MP
------------------------------------------------------------------------------------
Antoine Roussel 0 2 2 2 0 3 0 0 0 0 6/12 26:25 4:04 5:16
Brad Boyes 0 0 0 0 0 1 2 0 1 0 0/0 10:36 0:00 0:00
Brent Seabrook 0 0 0 0 2 2 1 1 1 0 0/0 26:58 4:42 5:14
Chris Kreider 0 1 1 -1 4 2 1 0 0 0 0/0 21:17 3:02 4:08
Cody Hodgson 0 1 1 -1 0 1 1 1 0 0 6/10 19:59 3:02 3:07
Derick Brassard 3 0 3 2 0 6 1 1 2 1 18/31 21:46 4:04 3:29
Dougie Hamilton 0 0 0 0 0 1 0 0 0 0 0/0 9:42 0:00 0:00
Dustin Kohn 0 0 0 -1 0 0 0 0 0 0 0/0 1:15 0:00 0:00
Gabriel Bourque 0 0 0 0 0 0 0 0 0 0 0/0 7:34 0:00 1:24
Garnet Hathaway 0 0 0 0 0 0 1 1 0 0 1/2 5:42 0:00 0:39
John Carlson 1 1 2 -1 2 6 2 3 0 3 0/0 27:50 4:42 4:34
Matthew Spiller 0 1 1 2 0 0 1 0 1 1 0/0 21:37 2:24 3:22
Nathan Horton 1 0 1 -1 0 2 1 1 0 0 0/0 16:15 3:02 0:00
Nick Leddy 0 0 0 2 0 1 3 0 0 0 0/0 21:37 2:24 3:22
Patrick Marleau 0 0 0 0 4 1 1 0 0 0 0/0 11:55 0:00 1:07
Rick Nash 0 2 2 2 0 4 2 0 0 0 1/4 17:28 4:04 0:00
Seth Jones 0 0 0 0 0 1 0 0 0 0 0/0 11:48 0:00 2:38
Tim Connolly 0 0 0 0 0 2 0 0 0 1 2/7 10:36 0:00 0:00
3 Stars
1 - Derick Brassard (Chi)
2 - Rick Nash (Chi)
3 - Antoine Roussel (Chi)
Power Play
Blue Jackets - 1 on 6 Attempt(s) - 16.67%
Blackhawks - 3 on 6 Attempt(s) - 50.00%
Penalty Kill
Blue Jackets - 3 on 6 Attempt(s) - 50.00%
- Score 0 goal in Penalty Kill
Blackhawks - 5 on 6 Attempt(s) - 83.33%
- Score 0 goal in Penalty Kill
Team Stat
Blue Jackets - Hits : 17 - Faceoff Wins : 32 - Blocked Shots : 11 - Penalty Minutes : 12
Blackhawks - Hits : 17 - Faceoff Wins : 34 - Blocked Shots : 8 - Penalty Minutes : 12
Official
Referees : Unknown
Linesman : Unknown
Game Notes
Derick Brassard has scored a Hat Trick!
Finance
Level 1 -- Attendance: 6000 (100.00%) -- Ticket Income $582,000
Level 2 -- Attendance: 4967 (99.34%) -- Ticket Income $322,855
Level 3 -- Attendance: 1976 (98.80%) -- Ticket Income $79,040
Level 4 -- Attendance: 4000 (100.00%) -- Ticket Income $100,000
Luxury Box -- Attendance: 968 (96.80%) -- Ticket Income $174,240
Game was played at the Rexall Place.
Total Attendance: 17911 (99.51%)
Total Ticket Income: $1,258,135
Other Income: $188,720
Total Income: $1,446,855
Blue Jackets
5 vs 5 Forward
Center Left Wing Right Wing Time % Phy DF OF
1 Tyler Seguin Artemi Panarin Martin Havlat 40 1 2 2
2 Pavel Datsyuk Max Pacioretty Devin Setoguchi 27 1 2 2
3 Peter Mueller Eric Wellwood Tyler Kennedy 23 1 2 2
4 Cody Eakin Brandon Bollig Andreas Nodl 10 1 2 2
5 vs 5 Defense
Defense Defense Time % Phy DF OF
1 Cam Fowler Mike Lundin 40 1 2 2
2 Dalton Prout Rob Scuderi 30 1 2 2
3 Branislav Mezei Dennis Wideman 20 1 2 2
4 Cam Fowler Mike Lundin 10 1 2 2
PowerPlay Forward
Center Left Wing Right Wing Time % Phy DF OF
1 Tyler Seguin Artemi Panarin Devin Setoguchi 60 1 2 2
2 Peter Mueller Max Pacioretty Martin Havlat 40 1 2 2
PowerPlay Defense
Defense Defense Time % Phy DF OF
1 Cam Fowler Mike Lundin 60 1 2 2
2 Dalton Prout Rob Scuderi 40 1 2 2
Penalty Kill 4 Players Forward
Center Wing Time % Phy DF OF
1 Tyler Seguin Artemi Panarin 60 1 2 2
2 Max Pacioretty Peter Mueller 40 1 2 2
Penalty Kill 4 Players Defense
Defense Defense Time % Phy DF OF
1 Cam Fowler Mike Lundin 60 1 2 2
2 Dalton Prout Rob Scuderi 40 1 2 2
Penalty Kill - 3 Players Forward
Forward Time % Phy DF OF
1 Tyler Seguin 60 1 2 2
2 Artemi Panarin 40 1 2 2
Penalty Kill - 3 Players Defense
Defense Defense Time % Phy DF OF
1 Cam Fowler Mike Lundin 60 1 2 2
2 Dalton Prout Rob Scuderi 40 1 2 2
4 vs 4 Forward
Center Wing Time % Phy DF OF
1 Tyler Seguin Artemi Panarin 60 1 2 2
2 Max Pacioretty Peter Mueller 40 1 2 2
4 vs 4 Defense
Defense Defense Time % Phy DF OF
1 Cam Fowler Mike Lundin 60 1 2 2
2 Dalton Prout Rob Scuderi 40 1 2 2
Last Minutes Offensive
Center Left Wing Right Wing Defense Defense
Tyler Seguin Artemi Panarin Devin Setoguchi Cam Fowler Mike Lundin
Last Minutes Defensive
Center Left Wing Right Wing Defense Defense
Tyler Seguin Artemi Panarin Devin Setoguchi Cam Fowler Mike Lundin
Goaltenders
Starting : Rick DiPietro
Backup : Andrei Vasilevskiy
Extra Forwards
Normal : Pavel Datsyuk, Tyler Kennedy, Eric Wellwood - PP : Pavel Datsyuk, Tyler Kennedy - PK : Eric Wellwood
Extra Defensemen
Normal : Branislav Mezei, Mike Lundin, Dalton Prout - PP : Branislav Mezei - PK : Cam Fowler, Dalton Prout
Penalty Shots
Tyler Seguin, Artemi Panarin, Max Pacioretty, Peter Mueller, Devin Setoguchi
Scratches
Ryan Wilson (Healthy)
Blackhawks
5 vs 5 Forward
Center Left Wing Right Wing Time % Phy DF OF
1 Derick Brassard Antoine Roussel Rick Nash 40 1 2 2
2 Cody Hodgson Chris Kreider Nathan Horton 30 1 2 2
3 Tim Connolly Patrick Marleau Brad Boyes 20 1 2 2
4 Antoine Roussel Gabriel Bourque Garnet Hathaway 10 1 2 2
5 vs 5 Defense
Defense Defense Time % Phy DF OF
1 John Carlson Brent Seabrook 40 1 2 2
2 Matthew Spiller Nick Leddy 30 1 2 2
3 Dougie Hamilton Seth Jones 20 1 2 2
4 Dustin Kohn John Carlson 10 1 2 2
PowerPlay Forward
Center Left Wing Right Wing Time % Phy DF OF
1 Derick Brassard Antoine Roussel Rick Nash 60 1 2 2
2 Cody Hodgson Chris Kreider Nathan Horton 40 1 2 2
PowerPlay Defense
Defense Defense Time % Phy DF OF
1 John Carlson Brent Seabrook 60 1 2 2
2 Matthew Spiller Nick Leddy 40 1 2 2
Penalty Kill 4 Players Forward
Center Wing Time % Phy DF OF
1 Antoine Roussel Chris Kreider 60 1 2 2
2 Derick Brassard Cody Hodgson 40 1 2 2
Penalty Kill 4 Players Defense
Defense Defense Time % Phy DF OF
1 John Carlson Brent Seabrook 60 1 2 2
2 Matthew Spiller Nick Leddy 40 1 2 2
Penalty Kill - 3 Players Forward
Forward Time % Phy DF OF
1 Antoine Roussel 60 1 2 2
2 Chris Kreider 40 1 2 2
Penalty Kill - 3 Players Defense
Defense Defense Time % Phy DF OF
1 John Carlson Brent Seabrook 60 1 2 2
2 Matthew Spiller Nick Leddy 40 1 2 2
4 vs 4 Forward
Center Wing Time % Phy DF OF
1 Antoine Roussel Chris Kreider 60 1 2 2
2 Derick Brassard Cody Hodgson 40 1 2 2
4 vs 4 Defense
Defense Defense Time % Phy DF OF
1 John Carlson Brent Seabrook 60 1 2 2
2 Matthew Spiller Nick Leddy 40 1 2 2
Last Minutes Offensive
Center Left Wing Right Wing Defense Defense
Derick Brassard Antoine Roussel Rick Nash John Carlson Brent Seabrook
Last Minutes Defensive
Center Left Wing Right Wing Defense Defense
Derick Brassard Antoine Roussel Rick Nash John Carlson Brent Seabrook
Goaltenders
Starting : Jimmy Howard
Backup : Pekka Rinne
Extra Forwards
Normal : Tim Connolly, Brad Boyes, Patrick Marleau - PP : Tim Connolly, Brad Boyes - PK : Patrick Marleau
Extra Defensemen
Normal : Dougie Hamilton, Seth Jones, Dustin Kohn - PP : Dougie Hamilton - PK : Seth Jones, Dustin Kohn
Penalty Shots
Antoine Roussel, Chris Kreider, Derick Brassard, Cody Hodgson, Rick Nash
Scratches
Stefan Ruzicka (Healthy), Alexander Wennberg (Healthy)
% Time on Ice - Blue Jackets
Lines # - Real PCT - Wanted PCT - Time Play
Normal Forward
1 - 36% - 40% - 15:43
2 - 25% - 27% - 11:01
3 - 21% - 23% - 9:16
4 - 17% - 10% - 7:19
Normal Defense
1 - 38% - 40% - 16:29
2 - 34% - 30% - 14:42
3 - 26% - 20% - 11:12
4 - 2% - 10% - 0:56
PP Forward
1 - 55% - 60% - 5:15
2 - 45% - 40% - 4:20
PP Defense
1 - 54% - 60% - 5:09
2 - 46% - 40% - 4:26
PK Forward
1 - 79% - 60% - 5:36
2 - 21% - 40% - 1:30
PK Defense
1 - 64% - 60% - 4:31
2 - 36% - 40% - 2:35
PK3 Forward
1 - 0% - 60%
2 - 0% - 40%
PK3 Defense
1 - 0% - 60%
2 - 0% - 40%
44 Forward
1 - 0% - 60%
2 - 0% - 40%
44 Defense
1 - 0% - 60%
2 - 0% - 40%
Last Minute Offensive - 0:00
Last Minute Defensive - 0:00
Total
Forward - 60:00
Defense - 60:00
|
% Time on Ice - Blackhawks
Lines # - Real PCT - Wanted PCT - Time Play
Normal Forward
1 - 33% - 40% - 14:27
2 - 31% - 30% - 13:13
3 - 24% - 20% - 10:36
4 - 12% - 10% - 5:03
Normal Defense
1 - 39% - 40% - 17:03
2 - 37% - 30% - 15:51
3 - 21% - 20% - 9:10
4 - 3% - 10% - 1:15
PP Forward
1 - 57% - 60% - 4:04
2 - 43% - 40% - 3:02
PP Defense
1 - 66% - 60% - 4:42
2 - 34% - 40% - 2:24
PK Forward
1 - 76% - 60% - 7:15
2 - 24% - 40% - 2:20
PK Defense
1 - 65% - 60% - 6:13
2 - 35% - 40% - 3:22
PK3 Forward
1 - 0% - 60%
2 - 0% - 40%
PK3 Defense
1 - 0% - 60%
2 - 0% - 40%
44 Forward
1 - 0% - 60%
2 - 0% - 40%
44 Defense
1 - 0% - 60%
2 - 0% - 40%
Last Minute Offensive - 0:00
Last Minute Defensive - 0:00
Total
Forward - 60:00
Defense - 60:00
|
Play-by-Play
1st period
0:01 of 1st period - Tyler Seguin wins face-off versus Derick Brassard in neutral zone.
0:12 of 1st period - Slapshot by John Carlson.
0:12 of 1st period - Stopped by Rick DiPietro with a rebound.
1:00 of 1st period - Slapshot by Nick Leddy.
1:00 of 1st period - Shot Blocked by Brandon Bollig.
1:07 of 1st period - Minor Penalty to Patrick Marleau for Diving.
1:08 of 1st period - Antoine Roussel wins face-off versus Tyler Seguin in Blackhawks zone.
3:07 of 1st period - Penalty to Patrick Marleau is over, Patrick Marleau is back on ice.
3:38 of 1st period - Icing by Dougie Hamilton.
3:39 of 1st period - Garnet Hathaway wins face-off versus Pavel Datsyuk in Blackhawks zone.
3:56 of 1st period - Snap shot by Cody Eakin.
3:56 of 1st period - Deflect By Brandon Bollig.
3:56 of 1st period - Stopped by Jimmy Howard with a rebound.
4:15 of 1st period - Brad Boyes is hit by Martin Havlat and loses puck.
4:40 of 1st period - Antoine Roussel is hit by Dennis Wideman.
6:32 of 1st period - John Carlson is hit by Dalton Prout.
6:56 of 1st period - Slapshot by Artemi Panarin.
6:56 of 1st period - Stopped by Jimmy Howard without a rebound.
6:57 of 1st period - Tyler Seguin wins face-off versus Garnet Hathaway in Blackhawks zone.
7:22 of 1st period - Slapshot by Pavel Datsyuk.
7:22 of 1st period - Shot Misses the Net.
7:28 of 1st period - Snap shot by Pavel Datsyuk.
7:28 of 1st period - Shot Misses the Net.
7:30 of 1st period - Slapshot by Branislav Mezei.
7:30 of 1st period - Stopped by Jimmy Howard without a rebound.
7:31 of 1st period - Derick Brassard wins face-off versus Tyler Seguin in Blackhawks zone.
7:58 of 1st period - Max Pacioretty is hit by Cody Hodgson.
8:06 of 1st period - Slapshot by Chris Kreider.
8:06 of 1st period - Shot Misses the Net.
8:22 of 1st period - Icing by Tyler Kennedy.
8:23 of 1st period - Peter Mueller wins face-off versus Tim Connolly in Blue Jackets zone.
8:23 of 1st period - Peter Mueller is hit by Nick Leddy.
8:42 of 1st period - Minor Penalty to Patrick Marleau for Interference.
8:43 of 1st period - Tyler Seguin wins face-off versus Antoine Roussel in Blackhawks zone.
8:52 of 1st period - Off-side.
8:53 of 1st period - Antoine Roussel wins face-off versus Artemi Panarin in neutral zone.
9:04 of 1st period - Snap shot by Antoine Roussel.
9:04 of 1st period - Shot Blocked by Devin Setoguchi.
9:44 of 1st period - Artemi Panarin is hit by Derick Brassard and loses puck.
10:42 of 1st period - Penalty to Patrick Marleau is over, Patrick Marleau is back on ice.
11:00 of 1st period - Dennis Wideman is hit by Nick Leddy and loses puck.
11:53 of 1st period - Artemi Panarin is hit by Brad Boyes and loses puck.
12:06 of 1st period - Snap shot by Martin Havlat.
12:06 of 1st period - Goal by Martin Havlat - Blue Jackets : 1 - Blackhawks : 0.
12:07 of 1st period - Tyler Seguin wins face-off versus Derick Brassard in neutral zone.
12:38 of 1st period - Slapshot by Cody Hodgson.
12:38 of 1st period - Shot Misses the Net.
12:40 of 1st period - Slapshot by John Carlson.
12:40 of 1st period - Shot Misses the Net.
12:42 of 1st period - Snap shot by Nathan Horton.
12:42 of 1st period - Shot Misses the Net.
12:47 of 1st period - Minor Penalty to Devin Setoguchi for Hooking.
12:48 of 1st period - Artemi Panarin wins face-off versus Rick Nash in Blue Jackets zone.
12:48 of 1st period - Artemi Panarin is hit by John Carlson.
14:47 of 1st period - Penalty to Devin Setoguchi is over, Devin Setoguchi is back on ice.
14:56 of 1st period - Wrist shot by Tim Connolly.
14:56 of 1st period - Stopped by Rick DiPietro with a rebound.
15:14 of 1st period - Slapshot by Cody Eakin.
15:14 of 1st period - Shot Blocked by Cody Hodgson.
15:16 of 1st period - Wrist shot by Cody Eakin.
15:16 of 1st period - Shot Misses the Net.
15:18 of 1st period - Snap shot by Andreas Nodl.
15:18 of 1st period - Stopped by Jimmy Howard with a rebound.
15:41 of 1st period - Patrick Marleau is hit by Devin Setoguchi and loses puck.
16:39 of 1st period - Brent Seabrook is hit by Max Pacioretty and loses puck.
17:11 of 1st period - Gabriel Bourque is hit by Peter Mueller and loses puck.
17:22 of 1st period - Pavel Datsyuk is hit by Brad Boyes and loses puck.
17:37 of 1st period - Nathan Horton is hit by Mike Lundin and loses puck.
18:00 of 1st period - Snap shot by Cody Eakin.
18:00 of 1st period - Stopped by Jimmy Howard without a rebound.
18:01 of 1st period - Andreas Nodl wins face-off versus Tim Connolly in Blackhawks zone.
18:02 of 1st period - Slapshot by Brandon Bollig.
18:02 of 1st period - Stopped by Jimmy Howard without a rebound.
18:03 of 1st period - Cody Eakin wins face-off versus Tim Connolly in Blackhawks zone.
18:06 of 1st period - Slapshot by Andreas Nodl.
18:06 of 1st period - Stopped by Jimmy Howard with a rebound.
18:28 of 1st period - Snap shot by Artemi Panarin.
18:28 of 1st period - Shot Misses the Net.
18:32 of 1st period - Snap shot by Artemi Panarin.
18:32 of 1st period - Shot Misses the Net.
18:34 of 1st period - Slapshot by Branislav Mezei.
18:34 of 1st period - Shot Blocked by Brent Seabrook.
18:36 of 1st period - Wrist shot by Tyler Seguin.
18:36 of 1st period - Shot Blocked by John Carlson.
18:58 of 1st period - Snap shot by Max Pacioretty.
18:58 of 1st period - Stopped by Jimmy Howard without a rebound.
18:59 of 1st period - Cody Hodgson wins face-off versus Tyler Seguin in Blackhawks zone.
19:12 of 1st period - Slapshot by Cam Fowler.
19:12 of 1st period - Stopped by Jimmy Howard without a rebound.
19:13 of 1st period - Tyler Seguin wins face-off versus Derick Brassard in Blackhawks zone.
19:22 of 1st period - Slapshot by Nick Leddy.
19:22 of 1st period - Stopped by Rick DiPietro with a rebound.
19:49 of 1st period - Snap shot by Devin Setoguchi.
19:49 of 1st period - Deflect By Cody Hodgson.
19:49 of 1st period - Shot Misses the Net.
19:49 of 1st period - Puck is out of play.
19:50 of 1st period - Tyler Seguin wins face-off versus Derick Brassard in Blackhawks zone.
Goals for this period are 1 for Blue Jackets vs 0 for Blackhawks.
Shots for this period are 10 for Blue Jackets vs 3 for Blackhawks.
2nd period
0:01 of 2nd period - Derick Brassard wins face-off versus Tyler Seguin in neutral zone.
0:11 of 2nd period - Wrist shot by Artemi Panarin.
0:11 of 2nd period - Shot Blocked by Derick Brassard.
1:26 of 2nd period - Slapshot by Mike Lundin.
1:26 of 2nd period - Stopped by Jimmy Howard without a rebound.
1:27 of 2nd period - Cody Hodgson wins face-off versus Martin Havlat in Blackhawks zone.
2:12 of 2nd period - Icing by Cam Fowler.
2:13 of 2nd period - Derick Brassard wins face-off versus Pavel Datsyuk in Blue Jackets zone.
2:22 of 2nd period - Snap shot by Devin Setoguchi.
2:22 of 2nd period - Deflect By Pavel Datsyuk.
2:22 of 2nd period - Shot Misses the Net.
2:22 of 2nd period - Puck is out of play.
2:23 of 2nd period - Derick Brassard wins face-off versus Tyler Seguin in Blackhawks zone.
2:28 of 2nd period - Snap shot by Rick Nash.
2:28 of 2nd period - Stopped by Rick DiPietro with a rebound.
2:30 of 2nd period - Snap shot by Derick Brassard.
2:30 of 2nd period - Deflect By Rick Nash.
2:30 of 2nd period - Stopped by Rick DiPietro without a rebound.
2:31 of 2nd period - Derick Brassard wins face-off versus Tyler Seguin in Blue Jackets zone.
2:34 of 2nd period - Wrist shot by Antoine Roussel.
2:34 of 2nd period - Shot Blocked by Dalton Prout.
3:23 of 2nd period - Snap shot by Brad Boyes.
3:23 of 2nd period - Stopped by Rick DiPietro with a rebound.
3:25 of 2nd period - Snap shot by Tim Connolly.
3:25 of 2nd period - Stopped by Rick DiPietro with a rebound.
3:59 of 2nd period - Slapshot by Seth Jones.
3:59 of 2nd period - Deflect By Chris Kreider.
3:59 of 2nd period - Shot Misses the Net.
3:59 of 2nd period - Puck is out of play.
4:00 of 2nd period - Tyler Seguin wins face-off versus Cody Hodgson in Blue Jackets zone.
4:07 of 2nd period - Cody Hodgson is hit by Martin Havlat and loses puck.
4:28 of 2nd period - Slapshot by Seth Jones.
4:28 of 2nd period - Deflect By Chris Kreider.
4:28 of 2nd period - Stopped by Rick DiPietro without a rebound.
4:29 of 2nd period - Peter Mueller wins face-off versus Derick Brassard in Blue Jackets zone.
4:31 of 2nd period - Minor Penalty to Eric Wellwood for Hooking.
4:32 of 2nd period - Tyler Seguin wins face-off versus Derick Brassard in Blue Jackets zone.
4:44 of 2nd period - Snap shot by Brent Seabrook.
4:44 of 2nd period - Shot Blocked by Mike Lundin.
4:46 of 2nd period - Wrist shot by Derick Brassard.
4:46 of 2nd period - Stopped by Rick DiPietro with a rebound.
6:31 of 2nd period - Penalty to Eric Wellwood is over, Eric Wellwood is back on ice.
7:12 of 2nd period - Slapshot by Seth Jones.
7:12 of 2nd period - Stopped by Rick DiPietro without a rebound.
7:13 of 2nd period - Pavel Datsyuk wins face-off versus Tim Connolly in Blue Jackets zone.
7:58 of 2nd period - Snap shot by Andreas Nodl.
7:58 of 2nd period - Stopped by Jimmy Howard with a rebound.
8:03 of 2nd period - Icing by Antoine Roussel.
8:04 of 2nd period - Antoine Roussel wins face-off versus Pavel Datsyuk in Blackhawks zone.
8:36 of 2nd period - Minor Penalty to Mike Lundin for Hooking.
8:37 of 2nd period - Tyler Seguin wins face-off versus Cody Hodgson in Blue Jackets zone.
9:07 of 2nd period - Slapshot by John Carlson.
9:07 of 2nd period - Goal by John Carlson - Blue Jackets : 1 - Blackhawks : 1.
9:08 of 2nd period - Rick Nash wins face-off versus Tyler Seguin in neutral zone.
9:39 of 2nd period - Wrist shot by Peter Mueller.
9:39 of 2nd period - Shot Misses the Net.
10:03 of 2nd period - Slapshot by Pavel Datsyuk.
10:03 of 2nd period - Stopped by Jimmy Howard with a rebound.
10:05 of 2nd period - Wrist shot by Devin Setoguchi.
10:05 of 2nd period - Stopped by Jimmy Howard with a rebound.
10:07 of 2nd period - Slapshot by Mike Lundin.
10:07 of 2nd period - Stopped by Jimmy Howard without a rebound.
10:08 of 2nd period - Tyler Seguin wins face-off versus Derick Brassard in Blackhawks zone.
10:42 of 2nd period - Wrist shot by John Carlson.
10:42 of 2nd period - Shot Blocked by Peter Mueller.
11:42 of 2nd period - Slapshot by Chris Kreider.
11:42 of 2nd period - Shot Misses the Net.
11:44 of 2nd period - Slapshot by Cody Hodgson.
11:44 of 2nd period - Shot Blocked by Dennis Wideman.
12:02 of 2nd period - Slapshot by John Carlson.
12:02 of 2nd period - Stopped by Rick DiPietro without a rebound.
12:03 of 2nd period - Tyler Seguin wins face-off versus Derick Brassard in Blue Jackets zone.
12:14 of 2nd period - Wrist shot by Derick Brassard.
12:14 of 2nd period - Stopped by Rick DiPietro with a rebound.
12:16 of 2nd period - Backhand shot by Antoine Roussel.
12:16 of 2nd period - Shot Blocked by Cam Fowler.
12:18 of 2nd period - Wrist shot by Derick Brassard.
12:18 of 2nd period - Shot Misses the Net.
12:20 of 2nd period - Snap shot by Antoine Roussel.
12:20 of 2nd period - Shot Misses the Net.
12:30 of 2nd period - Matthew Spiller is hit by Cam Fowler and loses puck.
13:21 of 2nd period - Dalton Prout is hit by Matthew Spiller and loses puck.
14:15 of 2nd period - Brad Boyes is hit by Devin Setoguchi and loses puck.
14:50 of 2nd period - Rick Nash is hit by Andreas Nodl and loses puck.
15:39 of 2nd period - Minor Penalty to Tyler Kennedy for Holding.
15:40 of 2nd period - Tyler Seguin wins face-off versus Derick Brassard in Blue Jackets zone.
15:40 of 2nd period - Tyler Seguin is hit by Rick Nash.
15:52 of 2nd period - Wrist shot by Tyler Seguin.
15:52 of 2nd period - Shot Misses the Net.
15:54 of 2nd period - Slapshot by Dalton Prout.
15:54 of 2nd period - Stopped by Jimmy Howard without a rebound.
15:55 of 2nd period - Cody Hodgson wins face-off versus Tyler Seguin in Blackhawks zone.
16:02 of 2nd period - Wrist shot by Chris Kreider.
16:02 of 2nd period - Shot Blocked by Tyler Seguin.
16:04 of 2nd period - Backhand shot by Nathan Horton.
16:04 of 2nd period - Stopped by Rick DiPietro with a rebound.
16:08 of 2nd period - Snap shot by Nathan Horton.
16:08 of 2nd period - Goal by Nathan Horton - Blue Jackets : 1 - Blackhawks : 2.
16:09 of 2nd period - Derick Brassard wins face-off versus Tyler Seguin in neutral zone.
16:36 of 2nd period - Icing by Rick Nash.
16:37 of 2nd period - Derick Brassard wins face-off versus Pavel Datsyuk in Blackhawks zone.
17:00 of 2nd period - Double Minor Penalty to Chris Kreider for Slashing.
17:01 of 2nd period - Tyler Seguin wins face-off versus Antoine Roussel in Blackhawks zone.
17:12 of 2nd period - Slapshot by Devin Setoguchi.
17:12 of 2nd period - Deflect By Tyler Seguin.
17:12 of 2nd period - Shot Misses the Net.
17:12 of 2nd period - Puck is out of play.
17:13 of 2nd period - Tyler Seguin wins face-off versus Antoine Roussel in Blackhawks zone.
17:22 of 2nd period - Snap shot by Tyler Seguin.
17:22 of 2nd period - Stopped by Jimmy Howard with a rebound.
17:24 of 2nd period - Backhand shot by Devin Setoguchi.
17:24 of 2nd period - Shot Blocked by John Carlson.
17:26 of 2nd period - Snap shot by Artemi Panarin.
17:26 of 2nd period - Shot Blocked by John Carlson.
19:02 of 2nd period - Max Pacioretty is hit by Garnet Hathaway and loses puck.
19:09 of 2nd period - Dalton Prout is hit by Nick Leddy and loses puck.
19:16 of 2nd period - Cody Hodgson is hit by Max Pacioretty and loses puck.
19:23 of 2nd period - Wrist shot by Martin Havlat.
19:23 of 2nd period - Shot Misses the Net.
19:25 of 2nd period - Slapshot by Peter Mueller.
19:25 of 2nd period - Shot Misses the Net.
19:27 of 2nd period - Slapshot by Branislav Mezei.
19:27 of 2nd period - Shot Misses the Net.
19:29 of 2nd period - Snap shot by Peter Mueller.
19:29 of 2nd period - Shot Blocked by Garnet Hathaway.
19:31 of 2nd period - Slapshot by Branislav Mezei.
19:31 of 2nd period - Deflect By Cody Hodgson.
19:31 of 2nd period - Goal by Branislav Mezei - Blue Jackets : 2 - Blackhawks : 2.
19:32 of 2nd period - Cody Eakin wins face-off versus Derick Brassard in neutral zone.
Goals for this period are 1 for Blue Jackets vs 2 for Blackhawks.
Shots for this period are 8 for Blue Jackets vs 12 for Blackhawks.
3rd period
0:01 of 3rd period - Derick Brassard wins face-off versus Tyler Seguin in neutral zone.
0:08 of 3rd period - Wrist shot by Antoine Roussel.
0:08 of 3rd period - Shot Misses the Net.
0:10 of 3rd period - Wrist shot by Rick Nash.
0:10 of 3rd period - Shot Misses the Net.
0:12 of 3rd period - Snap shot by Antoine Roussel.
0:12 of 3rd period - Stopped by Rick DiPietro with a rebound.
0:14 of 3rd period - Snap shot by Antoine Roussel.
0:14 of 3rd period - Shot Misses the Net.
0:16 of 3rd period - Slapshot by John Carlson.
0:16 of 3rd period - Stopped by Rick DiPietro with a rebound.
0:22 of 3rd period - Minor Penalty to Martin Havlat for Slashing.
0:23 of 3rd period - Derick Brassard wins face-off versus Tyler Seguin in Blue Jackets zone.
0:50 of 3rd period - Artemi Panarin is hit by Nathan Horton and loses puck.
1:02 of 3rd period - Off-side.
1:03 of 3rd period - Derick Brassard wins face-off versus Max Pacioretty in neutral zone.
1:38 of 3rd period - Snap shot by Nathan Horton.
1:38 of 3rd period - Shot Blocked by Mike Lundin.
1:40 of 3rd period - Snap shot by Cody Hodgson.
1:40 of 3rd period - Stopped by Rick DiPietro without a rebound.
1:41 of 3rd period - Tyler Seguin wins face-off versus Derick Brassard in Blue Jackets zone.
2:14 of 3rd period - Snap shot by Chris Kreider.
2:14 of 3rd period - Deflect By Artemi Panarin.
2:14 of 3rd period - Shot Misses the Net.
2:14 of 3rd period - Puck is out of play.
2:15 of 3rd period - Cody Hodgson wins face-off versus Max Pacioretty in Blue Jackets zone.
2:16 of 3rd period - Wrist shot by Chris Kreider.
2:16 of 3rd period - Deflect By Dalton Prout.
2:16 of 3rd period - Shot Misses the Net.
2:16 of 3rd period - Puck is out of play.
2:17 of 3rd period - Derick Brassard wins face-off versus Max Pacioretty in Blue Jackets zone.
2:18 of 3rd period - Snap shot by Antoine Roussel.
2:18 of 3rd period - Shot Misses the Net.
2:22 of 3rd period - Penalty to Martin Havlat is over, Martin Havlat is back on ice.
2:26 of 3rd period - Snap shot by Rick Nash.
2:26 of 3rd period - Stopped by Rick DiPietro with a rebound.
2:28 of 3rd period - Snap shot by Derick Brassard.
2:28 of 3rd period - Shot Misses the Net.
2:30 of 3rd period - Slapshot by John Carlson.
2:30 of 3rd period - Stopped by Rick DiPietro without a rebound.
2:31 of 3rd period - Derick Brassard wins face-off versus Tyler Seguin in Blue Jackets zone.
2:42 of 3rd period - Wrist shot by Antoine Roussel.
2:42 of 3rd period - Stopped by Rick DiPietro with a rebound.
2:48 of 3rd period - Backhand shot by Antoine Roussel.
2:48 of 3rd period - Shot Misses the Net.
3:17 of 3rd period - Icing by Matthew Spiller.
3:18 of 3rd period - Tim Connolly wins face-off versus Peter Mueller in Blackhawks zone.
4:02 of 3rd period - Minor Penalty to John Carlson for Hooking.
4:03 of 3rd period - Antoine Roussel wins face-off versus Devin Setoguchi in Blackhawks zone.
4:16 of 3rd period - Wrist shot by Chris Kreider.
4:16 of 3rd period - Shot Blocked by Mike Lundin.
4:18 of 3rd period - Wrist shot by Antoine Roussel.
4:18 of 3rd period - Stopped by Rick DiPietro without a rebound.
4:19 of 3rd period - Antoine Roussel wins face-off versus Tyler Seguin in Blue Jackets zone.
4:24 of 3rd period - Snap shot by Antoine Roussel.
4:24 of 3rd period - Shot Blocked by Artemi Panarin.
4:26 of 3rd period - Slapshot by Brent Seabrook.
4:26 of 3rd period - Stopped by Rick DiPietro with a rebound.
4:28 of 3rd period - Slapshot by Brent Seabrook.
4:28 of 3rd period - Stopped by Rick DiPietro with a rebound.
5:09 of 3rd period - Wrist shot by Max Pacioretty.
5:09 of 3rd period - Stopped by Jimmy Howard with a rebound.
5:11 of 3rd period - Snap shot by Cam Fowler.
5:11 of 3rd period - Shot Misses the Net.
5:13 of 3rd period - Slapshot by Cam Fowler.
5:13 of 3rd period - Shot Misses the Net.
5:15 of 3rd period - Snap shot by Max Pacioretty.
5:15 of 3rd period - Stopped by Jimmy Howard without a rebound.
5:16 of 3rd period - Derick Brassard wins face-off versus Tyler Seguin in Blackhawks zone.
6:02 of 3rd period - Penalty to John Carlson is over, John Carlson is back on ice.
6:07 of 3rd period - Brandon Bollig is hit by Chris Kreider.
6:38 of 3rd period - Wrist shot by Antoine Roussel.
6:38 of 3rd period - Shot Misses the Net.
6:40 of 3rd period - Snap shot by John Carlson.
6:40 of 3rd period - Shot Misses the Net.
6:42 of 3rd period - Snap shot by Antoine Roussel.
6:42 of 3rd period - Deflect By Chris Kreider.
6:42 of 3rd period - Stopped by Rick DiPietro with a rebound.
6:50 of 3rd period - Wrist shot by John Carlson.
6:50 of 3rd period - Stopped by Rick DiPietro without a rebound.
6:51 of 3rd period - Tyler Seguin wins face-off versus Tim Connolly in Blue Jackets zone.
7:06 of 3rd period - Tyler Seguin is hit by Patrick Marleau and loses puck.
7:50 of 3rd period - Wrist shot by Gabriel Bourque.
7:50 of 3rd period - Shot Misses the Net.
7:52 of 3rd period - Wrist shot by Brent Seabrook.
7:52 of 3rd period - Shot Misses the Net.
7:54 of 3rd period - Slapshot by John Carlson.
7:54 of 3rd period - Shot Misses the Net.
8:25 of 3rd period - Snap shot by Max Pacioretty.
8:25 of 3rd period - Deflect By Pavel Datsyuk.
8:25 of 3rd period - Stopped by Jimmy Howard with a rebound.
9:05 of 3rd period - Icing by Artemi Panarin.
9:06 of 3rd period - Peter Mueller wins face-off versus Cody Hodgson in Blue Jackets zone.
9:31 of 3rd period - Slapshot by Tim Connolly.
9:31 of 3rd period - Shot Misses the Net.
9:33 of 3rd period - Slapshot by Dougie Hamilton.
9:33 of 3rd period - Stopped by Rick DiPietro without a rebound.
9:34 of 3rd period - Tyler Seguin wins face-off versus Derick Brassard in Blue Jackets zone.
9:41 of 3rd period - Wrist shot by Tyler Seguin.
9:41 of 3rd period - Stopped by Jimmy Howard without a rebound.
9:42 of 3rd period - Tyler Seguin wins face-off versus Rick Nash in Blackhawks zone.
9:59 of 3rd period - Slapshot by Martin Havlat.
9:59 of 3rd period - Shot Hit the Post.
10:05 of 3rd period - Wrist shot by Artemi Panarin.
10:05 of 3rd period - Shot Misses the Net.
10:25 of 3rd period - Snap shot by Martin Havlat.
10:25 of 3rd period - Shot Misses the Net.
10:37 of 3rd period - Off-side.
10:38 of 3rd period - Cody Hodgson wins face-off versus Pavel Datsyuk in neutral zone.
10:51 of 3rd period - Wrist shot by Chris Kreider.
10:51 of 3rd period - Shot Misses the Net.
11:10 of 3rd period - Tim Connolly is hit by Eric Wellwood and loses puck.
11:31 of 3rd period - Gabriel Bourque is hit by Brandon Bollig and loses puck.
11:51 of 3rd period - Chris Kreider is hit by Devin Setoguchi and loses puck.
12:08 of 3rd period - Wrist shot by Tyler Kennedy.
12:08 of 3rd period - Deflect By Brad Boyes.
12:08 of 3rd period - Shot Misses the Net.
12:08 of 3rd period - Puck is out of play.
12:09 of 3rd period - Tim Connolly wins face-off versus Peter Mueller in Blackhawks zone.
12:14 of 3rd period - Tim Connolly is hit by Tyler Kennedy and loses puck.
12:39 of 3rd period - Wrist shot by Patrick Marleau.
12:39 of 3rd period - Stopped by Rick DiPietro without a rebound.
12:40 of 3rd period - Tyler Seguin wins face-off versus Derick Brassard in Blue Jackets zone.
12:47 of 3rd period - Snap shot by Derick Brassard.
12:47 of 3rd period - Goal by Derick Brassard - Blue Jackets : 2 - Blackhawks : 3.
12:48 of 3rd period - Derick Brassard wins face-off versus Tyler Seguin in neutral zone.
13:22 of 3rd period - Off-side.
13:23 of 3rd period - Pavel Datsyuk wins face-off versus Antoine Roussel in neutral zone.
13:29 of 3rd period - Minor Penalty to Max Pacioretty for Hooking.
13:30 of 3rd period - Derick Brassard wins face-off versus Tyler Seguin in Blue Jackets zone.
13:38 of 3rd period - Snap shot by Derick Brassard.
13:38 of 3rd period - Goal by Derick Brassard - Blue Jackets : 2 - Blackhawks : 4.
13:39 of 3rd period - Tyler Seguin wins face-off versus Antoine Roussel in neutral zone.
13:42 of 3rd period - Backhand shot by Artemi Panarin.
13:42 of 3rd period - Deflect By Tyler Seguin.
13:42 of 3rd period - Stopped by Jimmy Howard without a rebound.
13:43 of 3rd period - Tyler Seguin wins face-off versus Rick Nash in Blackhawks zone.
13:43 of 3rd period - Tyler Seguin is hit by Rick Nash.
13:48 of 3rd period - Snap shot by Martin Havlat.
13:48 of 3rd period - Shot Hit the Post.
13:50 of 3rd period - Slapshot by Artemi Panarin.
13:50 of 3rd period - Stopped by Jimmy Howard with a rebound.
13:52 of 3rd period - Snap shot by Tyler Seguin.
13:52 of 3rd period - Stopped by Jimmy Howard without a rebound.
13:53 of 3rd period - Derick Brassard wins face-off versus Tyler Seguin in Blackhawks zone.
14:24 of 3rd period - Rob Scuderi is hit by John Carlson and loses puck.
14:28 of 3rd period - Off-side.
14:29 of 3rd period - Cody Hodgson wins face-off versus Tyler Seguin in neutral zone.
15:09 of 3rd period - Icing by Rick Nash.
15:10 of 3rd period - Derick Brassard wins face-off versus Tyler Seguin in Blackhawks zone.
15:19 of 3rd period - Wrist shot by Derick Brassard.
15:19 of 3rd period - Stopped by Rick DiPietro with a rebound.
15:21 of 3rd period - Slapshot by Nick Leddy.
15:21 of 3rd period - Shot Misses the Net.
15:23 of 3rd period - Wrist shot by Antoine Roussel.
15:23 of 3rd period - Shot Misses the Net.
15:25 of 3rd period - Slapshot by Matthew Spiller.
15:25 of 3rd period - Deflect By Rick Nash.
15:25 of 3rd period - Stopped by Rick DiPietro with a rebound.
15:27 of 3rd period - Snap shot by Derick Brassard.
15:27 of 3rd period - Shot Misses the Net.
15:29 of 3rd period - Snap shot by Derick Brassard.
15:29 of 3rd period - Goal by Derick Brassard - Blue Jackets : 2 - Blackhawks : 5.
15:30 of 3rd period - Derick Brassard wins face-off versus Tyler Seguin in neutral zone.
16:04 of 3rd period - Devin Setoguchi is hit by Brent Seabrook and loses puck.
16:21 of 3rd period - Matthew Spiller is hit by Dalton Prout and loses puck.
16:48 of 3rd period - Backhand shot by Artemi Panarin.
16:48 of 3rd period - Shot Hit the Post.
17:06 of 3rd period - Wrist shot by Brandon Bollig.
17:06 of 3rd period - Shot Blocked by Nathan Horton.
17:08 of 3rd period - Backhand shot by Andreas Nodl.
17:08 of 3rd period - Shot Misses the Net.
17:10 of 3rd period - Snap shot by Dalton Prout.
17:10 of 3rd period - Stopped by Jimmy Howard with a rebound.
18:39 of 3rd period - Wrist shot by Max Pacioretty.
18:39 of 3rd period - Shot Misses the Net.
18:41 of 3rd period - Slapshot by Pavel Datsyuk.
18:41 of 3rd period - Stopped by Jimmy Howard without a rebound.
18:42 of 3rd period - Tyler Seguin wins face-off versus Cody Hodgson in Blackhawks zone.
18:52 of 3rd period - Minor Penalty to Brent Seabrook for Goalie Interference.
18:53 of 3rd period - Tyler Seguin wins face-off versus Antoine Roussel in Blackhawks zone.
18:55 of 3rd period - Slapshot by Tyler Seguin.
18:55 of 3rd period - Shot Misses the Net.
18:57 of 3rd period - Snap shot by Artemi Panarin.
18:57 of 3rd period - Stopped by Jimmy Howard without a rebound.
18:58 of 3rd period - Antoine Roussel wins face-off versus Tyler Seguin in Blackhawks zone.
Goals for this period are 0 for Blue Jackets vs 3 for Blackhawks.
Shots for this period are 10 for Blue Jackets vs 18 for Blackhawks.